cohdb
Replays
Latest Replays
All Replays
Popular Replays
Top Player Replays
Match Explorer
How It Works
Community
CoH3 Stats
Reddit
Sign in to upload your games and track your stats! →
Sign in with Steam
Match 43757138
Unlisted
Match 43757138
Overview
Messages
Build Orders
End
Engineer Squad
Construct Barracks
Selects Airborne Battlegroup
Selects Heavy Machine Gun Paradrop
Heavy Machine Gun Paradrop
Riflemen Squad
.30 cal Machine Gun
Construct Medical Station
Heavy Machine Gun Paradrop
Selects Paratrooper Squad Paradrop
.30 cal Machine Gun
Paratrooper Squad Paradrop
Infantry Support Center
Engineer Squad
.30 cal Machine Gun
Construct Motor Pool
M24 Chaffee Light Tank
.30 cal Machine Gun
Selects Recon Loiter
Recon Loiter
.30 cal Machine Gun
Paratrooper Squad Paradrop
Paratrooper Squad Paradrop
Grenade Package
Construct Tank Depot
persszpady
haiyang
GLAVNIY_NEGRILA
Dr.eiser
Crazy Dog
Liviu
0
0
Comments
sign in to comment!
No comments posted yet!